 Dungeon Crawl Stone Soup version 0.29-a0-319-gad05b8d819 (webtiles) character file.

Game seed: 8185124050889153235

12340 rabbitsville the Tainter (level 11, -3/81 HPs)
             Began as a Naga Venom Mage on Apr 1, 2022.
             Was a Believer of Nemelex Xobeh.
             Slain by a red devil
             ... wielding a +1 demon trident of electrocution
              (19 damage)
             ... on level 10 of the Dungeon.
             The game lasted 01:27:39 (17166 turns).

rabbitsville the Tainter (Naga Venom Mage)         Turns: 17166, Time: 01:27:40

Health: -3/81      AC:  8    Str: 10    XL:     11   Next: 91%
Magic:  19/24      EV: 10    Int: 20    God:    Nemelex Xobeh [**....]
Gold:   671        SH:  0    Dex: 18    Spells: 18/28 levels left

rFire   + . .      SeeInvis +   D - +5 great sword
rCold   . . .      Faith    +   (shield currently unavailable)
rNeg    . . .      Spirit   .   M - +2 robe {rF+}
rPois   +          Reflect  .   j - +1 hat
rElec   .          Harm     .   K - +0 cloak {Will+}
rCorr   .          Rampage  .   (no gloves)
Will    ++...                   (no barding)
Stlth   +++.......              g - amulet of faith
HPRegen 0.23/turn               z - +6 ring of dexterity
MPRegen 0.19/turn               (no ring)

@: spiked, studying Long Blades, very slow
A: AC +3, large, see invisible, deformed body, poison resistance, slowness 2,
spit poison 1, naga tail 1
a: Spit Poison, Renounce Religion, Draw Escape, Draw Destruction, Draw Summoning


You were on level 10 of the Dungeon.
You worshipped Nemelex Xobeh.
Nemelex Xobeh was pleased with you.
You visited 2 branches of the dungeon, and saw 11 of its levels.

You collected 671 gold pieces.

Inventory:

Hand Weapons
 e - a +3 dagger
 w - a +3 hand axe
 B - a +0 hunting sling
 D - a +5 great sword (weapon)
Missiles
 I - 4 javelins
 N - a throwing net
Armour
 a - a +0 robe
 j - a +1 hat (worn)
 x - a +0 leather armour of cold resistance
 K - a +0 cloak of willpower (worn)
 M - a +2 robe of fire resistance (worn)
Jewellery
 g - an amulet of faith (around neck)
 l - an amulet of guardian spirit
 m - an amulet of the acrobat
 z - a +6 ring of dexterity (left hand)
Wands
 t - a wand of acid (15)
 A - a wand of digging (1)
 F - a wand of polymorph (19)
 G - a wand of paralysis (15)
 H - a wand of mindburst (7)
 J - a wand of iceblast (7)
Scrolls
 f - a scroll of fog {unknown}
 k - 2 scrolls of torment
 n - a scroll of identify
 o - a scroll of immolation
 p - 3 scrolls of enchant weapon
 q - 3 scrolls of enchant armour
 s - 2 scrolls of fear
 y - 2 scrolls of magic mapping
 C - a scroll of vulnerability {unknown}
 E - a scroll of blinking {unknown}
 L - a scroll of teleportation
Potions
 b - a potion of magic
 c - 6 potions of curing
 d - 2 potions of ambrosia {unknown}
 h - 3 potions of haste
 i - a potion of attraction {unknown}
 r - 2 potions of berserk rage
 u - 2 potions of heal wounds {unknown}
 v - 3 potions of cancellation


   Skills:
 + Level 8.6 Long Blades
 - Level 1.5 Dodging
 - Level 4.5 Stealth
 - Level 9.1 Spellcasting
 + Level 4.6 Conjurations
 - Level 3.2 Transmutations
 - Level 5.0 Fire Magic
 - Level 3.0 Air Magic
 - Level 11.6 Poison Magic
 * Level 9.4 Invocations


You had 18 spell levels left.
You knew the following spells:

 Your Spells              Type           Power      Damage    Failure   Level
a - Sting                 Tmut/Pois      100%       1d8       1%          1
b - Poisonous Vapours     Pois/Air       76%        N/A       1%          2
c - Ignite Poison         Fire/Tmut/Pois 35%        N/A       1%          3
d - Olgreb's Toxic Radia  Pois           54%        N/A       1%          4

Your spell library contained the following spells:

 Spells                   Type           Power      Damage    Failure   Level
 Beastly Appendage        Tmut           44%        N/A       1%          1
 Mephitic Cloud           Conj/Pois/Air  34%        N/A       1%          3
 Spider Form              Tmut/Pois      39%        N/A       1%          3
 Wereblood                Tmut           22%        N/A       3%          2
 Conjure Flame            Conj/Fire      28%        6-21      3%          3
 Corpse Rot               Necr/Air       30%        N/A       6%          2
 Dazzling Flash           Conj/Hex       36%        N/A       9%          3
 Sticky Flame             Conj/Fire      28%        2d5       11%         4
 Iskenderun's Mystic Bla  Conj/Tloc      18%        2d6       28%         4
 Starburst                Conj/Fire      14%        6d6       85%         6


Dungeon Overview and Level Annotations

Branches:
Dungeon (10/15)            Temple (1/1) D:7            Lair (0/6) D:10
    Orc (0/2) D:9

Altars:
Ashenzari
Cheibriados
Elyvilon
Fedhas
Gozag
Kikubaaqudgha
Makhleb
Nemelex Xobeh
Okawaru
Qazlal
Ru
Sif Muna
Trog
Uskayaw
Wu Jian
Xom
Zin
The Shining One

Shops:
D:5 *   D:6 *


Innate Abilities, Weirdness & Mutations

Your serpentine skin is tough. (AC +3)
You have supernaturally acute eyesight. (SInv)
Armour fits poorly on your strangely shaped body.
Your system is resistant to poisons. (rPois)
You cover ground very slowly.
You can spit poison.
You have a snake-like lower body.


Message History

Okay, then.
Casting: Olgreb's Toxic Radiance (mildly dangerous; 1% risk of failure)
Press: ? - help, Q - select action, (/) - cycle Dir - look around, f - activate
Okay, then.
You draw a card...
You have drawn the Rangers.
The red devil closely misses you. The orange demon stings you from afar!
Aiming: Poisonous Vapours (safe; 1% risk of failure)
Press: ? - help, Q - select action, (/) - cycle Dir - move target, f - red devil
Aim: a red devil, wielding a +1 demon trident of electrocution (ally target)
The red devil cannot be affected by poisonous vapours!
Aiming: Poisonous Vapours (safe; 1% risk of failure)
Press: ? - help, Q - select action, (/) - cycle Dir - move target, f - orange demon, p - red devil
Aim: an orange demon (moderately wounded, very poisoned, ally target) Poisonous vapours surround the orange demon!
The orange demon looks as sick as possible!
The red devil hits you from afar with a +1 demon trident of electrocution!
Barbed spikes become lodged in your body.
The orange demon stings you from afar!
* * * LOW HITPOINT WARNING * * *
Your naga sharpshooter spits poison at the orange demon.
The splash of poison hits the orange demon!
You draw a card...
You have drawn Velocity.
The red devil seems to slow down.
The orange demon seems to slow down.
The deck of cards disappears without a trace.
The orange demon completely misses you.
The red devil hits you from afar with a +1 demon trident of electrocution.
* * * LOW HITPOINT WARNING * * *
Barbed spikes become lodged in your body.
Your naga sharpshooter unwields a +0 short sword.
Your naga sharpshooter wields a +0 arbalest.
Your naga sharpshooter shoots a bolt.
The bolt barely misses the orange demon.
You draw a card...
You have drawn Pain.
Press: ? - help, Shift-Dir - straight line, p - orange demon The red devil is unaffected.
The orange demon stings you from afar.
* * * LOW HITPOINT WARNING * * *
The red devil hits you from afar with a +1 demon trident of electrocution!!
You die...
Your body glows slightly and disappears.

#...............#
#...............#
#......##+#.....#
#......#..#.....#
#...)..#..#.....#
######......#..#.....#
...............#.....##+
.####..e.####..#....)...
##=!##.@##..##.#........
.........4...#..........
.......N.4...#.......... .#
##..##![##..##..##..########
..####....###
....####...#....... ...........
...........##.......
#....#...####......#..##.......
#....#...# #......#..#........
#....#...# #..... #..#........


You could see an orange demon (extremely poisoned, slow, ally target), a red
devil (slow, ally target), a friendly deep elf master archer (summoned) and a
friendly naga sharpshooter (summoned, catching breath).

Vanquished Creatures
  2 centaur warriors (D:9)
  4 two-headed ogres
  A deep elf pyromancer (D:9)
  A manticore (D:9)
  Joseph (D:7)
  Maurice (D:8)
  Maggie (D:8)
  A komodo dragon (D:8)
  A kobold demonologist (D:9)
  A meliai (D:9)
  Sigmund (D:2)
  3 yaks (D:9)
  3 vampire mosquitoes
  A basilisk (D:9)
  2 steam dragons
  3 orc warriors (D:9)
  2 sky beasts
  4 ice beasts
  6 black bears
  6 centaurs
  3 kobold brigands
  6 bullfrogs
  5 scorpions
  2 gnoll sergeants
  4 necrophages
  10 wights
  7 killer bees
  4 howler monkeys
  2 hounds (D:7)
  8 orc priests
  2 gnoll shamans
  3 iguanas
  12 orc wizards
  A mummy (D:6)
  8 adders
  11 gnolls
  A shadow imp (D:7)
  A white imp (D:5)
  An ufetubus (D:6)
  2 worms (D:2)
  35 orcs
  4 endoplasms
  5 giant cockroaches
  8 goblins
  6 hobgoblins
  19 jackals
  20 kobolds
  6 quokkas
  8 ball pythons
  12 bats
  4 frilled lizards
  A goblin zombie (D:6)
  A hobgoblin zombie (D:6)
  4 rats
271 creatures vanquished.

Vanquished Creatures (others)
  A bush (D:9)
  12 plants (D:9)
13 creatures vanquished.

Grand Total: 284 creatures vanquished

Notes
Turn   | Place    | Note
-------+----------+-------------------------------------------
     0 | D:1      | rabbitsville the Naga Venom Mage began the quest for the
                  | Orb.
     0 | D:1      | Reached XP level 1. HP: 15/15 MP: 3/3
   222 | D:1      | Reached XP level 2. HP: 22/22 MP: 5/5
   882 | D:1      | Reached skill level 5 in Poison Magic
   925 | D:1      | Reached XP level 3. HP: 28/28 MP: 6/6
  1216 | D:1      | Found a faded altar of an unknown god.
  1970 | D:2      | Reached XP level 4. HP: 34/36 MP: 3/8
  2302 | D:2      | Noticed Sigmund
  2309 | D:2      | Killed Sigmund
  2310 | D:2      | Reached skill level 6 in Poison Magic
  2310 | D:2      | Reached XP level 5. HP: 14/42 MP: 3/10
  2310 | D:2      | Reached XP level 6. HP: 16/49 MP: 3/11
  3091 | D:3      | Noticed a black bear
  3111 | D:3      | Killed a black bear
  3112 | D:3      | Reached skill level 7 in Poison Magic
  3164 | D:3      | Learned a level 2 spell: Poisonous Vapours
  3168 | D:3      | Learned a level 3 spell: Ignite Poison
  3721 | D:3      | Reached skill level 1 in Fire Magic
  3957 | D:3      | Reached XP level 7. HP: 54/55 MP: 10/13
  4344 | D:4      | Found an iron altar of Okawaru.
  4630 | D:4      | Reached skill level 1 in Air Magic
  5245 | D:5      | Entered Level 5 of the Dungeon
  5450 | D:5      | Found Ikuident's Gadget Gallery.
  5810 | D:5      | Found a blossoming altar of Fedhas.
  6157 | D:5      | Reached XP level 8. HP: 52/62 MP: 10/14
  6313 | D:5      | Found a sacrificial altar of Ru.
  6674 | D:5      | HP: 1/62 [centaur/arrow (14)]
  6676 | D:5      | Reached skill level 5 in Spellcasting
  7370 | D:6      | Reached skill level 5 in Fire Magic
  7974 | D:6      | Reached skill level 8 in Poison Magic
  8032 | D:6      | Found a broken altar of Ashenzari.
  8283 | D:6      | Found Zin's Purification Station.
  8292 | D:6      | Found a glowing silver altar of Zin.
  8556 | D:6      | Identified the +2 pair of boots of the Sun {rElec Regen+
                  | Dex+3 Stlth+}
  8772 | D:6      | Learned a level 4 spell: Olgreb's Toxic Radiance
  8819 | D:6      | Reached XP level 9. HP: 53/66 MP: 1/17
  8821 | D:6      | Reached skill level 9 in Poison Magic
  9747 | D:7      | Reached skill level 10 in Poison Magic
  9793 | D:7      | Noticed Joseph
  9798 | D:7      | Killed Joseph
  9799 | D:7      | Reached skill level 1 in Conjurations
 10114 | D:7      | Reached skill level 11 in Poison Magic
 10596 | D:7      | Found a white marble altar of Elyvilon.
 10601 | D:7      | Reached XP level 10. HP: 71/75 MP: 20/20
 11507 | D:7      | Found a staircase to the Ecumenical Temple.
 11522 | Temple   | Entered the Ecumenical Temple
 11681 | Temple   | Became a worshipper of Nemelex Xobeh the Trickster
 12115 | D:6      | Reached skill level 1 in Long Blades
 12115 | D:6      | Reached skill level 1 in Invocations
 12607 | D:8      | Noticed a two-headed ogre
 13416 | D:8      | Reached * piety under Nemelex Xobeh
 13751 | D:8      | Noticed Maggie
 13756 | D:8      | Killed Maggie
 13761 | D:8      | Noticed Maurice
 13764 | D:8      | Killed Maurice
 13908 | D:8      | Killed a two-headed ogre
 13909 | D:8      | Reached skill level 5 in Long Blades
 13909 | D:8      | Reached skill level 5 in Invocations
 14189 | D:9      | Received a gift from Nemelex Xobeh
 14302 | D:9      | Noticed a two-headed ogre
 14306 | D:9      | Killed a two-headed ogre
 14307 | D:9      | Reached XP level 11. HP: 48/81 MP: 8/23
 14336 | D:9      | Noticed a two-headed ogre
 14360 | D:9      | Noticed a centaur warrior
 14364 | D:9      | Killed a centaur warrior
 14435 | D:9      | Killed a two-headed ogre
 14612 | D:9      | Noticed a manticore
 14788 | D:9      | Noticed a centaur warrior
 15095 | D:9      | Killed a centaur warrior
 15296 | D:9      | Killed a manticore
 15462 | D:9      | Reached ** piety under Nemelex Xobeh
 15759 | D:9      | Noticed a two-headed ogre
 15768 | D:9      | Killed a two-headed ogre
 15797 | D:9      | Noticed a deep elf pyromancer
 15802 | D:9      | Killed a deep elf pyromancer
 15845 | D:9      | Found a bloodstained altar of Trog.
 16038 | D:9      | Upgraded the game from 0.29-a0-284-gf9362112df to
                  | 0.29-a0-319-gad05b8d819
 16463 | D:9      | Found a staircase to the Orcish Mines.
 16706 | D:10     | Entered Level 10 of the Dungeon
 16856 | D:10     | Found a hide-covered altar of Uskayaw.
 17119 | D:10     | Found a staircase to the Lair.
 17133 | D:10     | Found a glowing golden altar of the Shining One.
 17166 | D:10     | Slain by a red devil

Illustrated notes

Levels and vault maps discovered:
D:1:      amcnicky_arrival_abandoned_market, layout_basic,
          shapermc_ecumenical_altar_hornbeckon
D:2:      layout_loops_ring, uniq_sigmund
D:3:      layout_basic
D:4:      layout_loops_cross, okawaru_metal_pillars_3
D:5:      layout_basic, hangedman_ru_absence,
          mainiacjoe_overflow_concentric_impassable, nicolae_shop_gadgets
D:6:      layout_basic, mainiacjoe_overflow_cross_hatched, zin_purify,
          nicolae_ossuary_entry_giza, minmay_manual_monolith
D:7:      layout_cave_pods, elyvilon_altar_4, minmay_temple_entry_arrows,
          roderic_batcave, uniq_joseph
D:8:      layout_loops_corners, minmay_splitting_lines, minmay_circle_x,
          uniq_maurice, uniq_maggie
D:9:      layout_cave_pods, trog_ov_bears_minmay, orc_0_dummy,
          minmay_shattered_shrine
D:10:     layout_gridville, marbit_many_paths, lemuel_round_altar, minitemple,
          lair_entry_dummy, minmay_beelzebubs_servants
Temple:   nicolae_temple_figure_zero

Skill      XL: |  1  2  3  4  5  6  7  8  9 10 11 |
---------------+----------------------------------+-----
Poison Magic   | 5 6 7 8 11 | 11.6
Spellcasting   | 3 4 5 7 8 9 |  9.1
Transmutations | 2 3 |  3.2
Fire Magic     | 1 3 5 |  5.0
Air Magic      | 3 |  3.0
Conjurations   | 3 4 |  4.6
Stealth        | 4 |  4.5
Long Blades    | 6 8 |  8.6
Invocations    | 6 9 |  9.4
Dodging        | |  1.5

Action                   |  1- 3 |  4- 6 |  7- 9 | 10-12 || total
-------------------------+-------+-------+-------+-------++-------
Melee: Dagger            |    65 |    49 |    51 |       ||   165
       Punch             |     1 |     1 |     1 |       ||     3
       Hand axe          |       |       |    59 |       ||    59
       Great sword       |       |       |     9 |   100 ||   109
 Cast: Sting             |    40 |    77 |    96 |     9 ||   222
       Ignite Poison     |       |       |    22 |    41 ||    63
       Poisonous Vapours |       |       |    34 |   114 ||   148
       Olgreb's Toxic Ra |       |       |     3 |     8 ||    11
Invok: Draw Destruction  |       |       |       |     5 ||     5
       Draw Escape       |       |       |       |     2 ||     2
       Draw Summoning    |       |       |       |     1 ||     1
 Abil: Spit Poison       |     1 |       |       |       ||     1
Evoke: Wand              |       |       |     4 |       ||     4
  Use: Scroll            |       |     2 |     4 |     6 ||    12
       Potion            |       |       |     2 |     2 ||     4
 Stab: Sleeping          |     4 |       |     3 |     1 ||     8
Armor: Robe              |    32 |    17 |    19 |     4 ||    72
       Leather armour    |       |       |    15 |    61 ||    76
Dodge: Dodged            |    60 |    31 |    69 |    97 ||   257

Table legend: (Time is in decaauts)
 A = Elapsed time spent in this place.
 B = Non-inter-level travel time spent in this place.
 C = Inter-level travel time spent in this place.
 D = Time resting spent in this place.
 E = Time spent auto-exploring this place.
 F = Levels seen in this place.
 G = Mean time per level.
                   A        B        C        D        E       F      G
               +--------+--------+--------+--------+--------+-----+--------+
         Total |  20827 |  19741 |   1086 |   6107 |   5466 |  11 | 1893.4 |
       Dungeon |  20585 |  19499 |   1086 |   6107 |   5312 |  10 | 2058.5 |
        Temple |    242 |    242 |      0 |      0 |    154 |   1 |  242.0 |
               +--------+--------+--------+--------+--------+-----+--------+

Top non-repeatable levels by time:
     D:7: 3294 daAuts
     D:9: 2934 daAuts
     D:6: 2650 daAuts
     D:5: 2523 daAuts
     D:3: 1967 daAuts
     D:1: 1911 daAuts
     D:8: 1761 daAuts
     D:2: 1693 daAuts
     D:4: 1287 daAuts
    D:10: 562 daAuts
  Temple: 242 daAuts
